[Event "Titled Tuesday Blitz November 08 Early 2022"]
[White "Gheorghiu, Calin"]
[Black "Kaasen, Tor Fredrik"]
[WhiteFideId "1200305"]
[BlackFideId "1516647"]
[WhiteElo "2225"]
[BlackElo "2345"]
[Result "0-1"]
[Round "10"]
[TimeControl "180+1"]
[Date "2022.11.09"]
[WhiteClock "0:00:42"]
[BlackClock "0:02:00"]

1. e4 e5 2. Nf3 Nc6 3. Bc4 Nf6 4. d3 Bc5 5. c3 d6 6. h3 a5 7. a4 Be6 8. Nbd2 O-O 9. Qb3 Qd7 10. Nf1 Bxc4 11. Qxc4 Rfe8 12. Be3 Bxe3 13. Nxe3 Rad8 14. Nd5 Nxd5 15. exd5 Ne7 16. O-O Ng6 17. d4 e4 18. Ne1 Nf4 19. Nc2 f5 20. Ne3 Qf7 21. Qb5 b6 22. c4 Ne2+ 23. Kh1 Nxd4 24. Qa6 Ra8 25. Qb7 Reb8 0-1


[Site "https://www.chess.com"]

[Event "Titled Tuesday Blitz November 08 Early 2022"]
[White "Goltsev, Dmitry"]
[Black "Deac, Bogdan-Daniel"]
[WhiteFideId "24176710"]
[BlackFideId "1226380"]
[WhiteElo "2289"]
[BlackElo "2648"]
[Result "0-1"]
[Round "10"]
[TimeControl "180+1"]
[Date "2022.11.08"]
[WhiteClock "0:00:09"]
[BlackClock "0:00:09"]

1. e4 c6 2. d4 d5 3. Nc3 a6 4. Nf3 Bg4 5. h3 Bh5 6. g4 Bg6 7. exd5 cxd5 8. Ne5 Nc6 9. Bg2 e6 10. h4 Nxe5 11. dxe5 h5 12. g5 Ne7 13. Ne2 Nc6 14. Bf4 Nb4 15. Nd4 Bc5 16. O-O Bxd4 17. c3 Nd3 18. Qa4+ Qd7 19. Qxd4 Rc8 20. b3 Nxf4 21. Qxf4 Rxc3 22. Rac1 Rxc1 23. Rxc1 O-O 24. Qb4 Rc8 25. Rc5 Rc6 26. Rxc6 Qxc6 27. Kh2 Qc2 28. Kg3 Qxa2 29. Qxb7 a5 30. Bf3 Kh7 31. Qb5 Qb2 32. Qxa5 Qxb3 33. Kg2 d4 34. Qd2 d3 35. Qd1 Qc4 36. Bxh5 Qe4+ 37. Kg1 Bf5 38. Bf3 Qxh4 39. Qd2 Kg6 40. Qe3 Qxg5+ 41. Kf1 Qxe3 42. fxe3 Kg5 43. Ke1 Kh4 44. Kd2 Kg3 45. Bc6 g5 46. e4 Bg6 47. Kxd3 Kf2 48. Bd7 g4 49. Bxe6 fxe6 50. Kd4 g3 51. Kc4 Bxe4 52. Kc5 Bf5 53. Kd6 g2 54. Ke7 g1=Q 55. Kf6 Qg3 56. Kf7 Ke3 57. Kf8 Ke4 58. Kf7 Kxe5 59. Kf8 Kf6 60. Ke8 Qc7 61. Kf8 Qd8# 0-1


[Site "https://www.chess.com"]

[Event "Titled Tuesday Blitz November 08 Early 2022"]
[White "Goncalves, Davi Sulzbacher"]
[Black "Mazzilli, Piero"]
[WhiteFideId "2154510"]
[BlackFideId "807087"]
[WhiteElo "2182"]
[BlackElo "2295"]
[Result "1-0"]
[Round "10"]
[TimeControl "180+1"]
[Date "2022.11.09"]
[WhiteClock "0:02:11"]
[BlackClock "0:01:32"]

1. Nf3 d5 2. Nc3 Nf6 3. d4 c5 4. Bg5 e6 5. e4 Be7 6. Bxf6 Bxf6 7. exd5 cxd4 8. Bb5+ Kf8 9. Nxd4 exd5 10. O-O a6 11. Ba4 Qd6 12. Re1 Nc6 13. Nxc6 bxc6 14. Qxd5 Qxd5 15. Nxd5 Be6 16. Nxf6 gxf6 17. Bxc6 Rc8 18. Ba4 1-0


[Site "https://www.chess.com"]

[Event "Titled Tuesday Blitz November 08 Early 2022"]
[White "Goroshkov, Maksym"]
[Black "Kukula, Pawel"]
[WhiteFideId "14142716"]
[BlackFideId "1115081"]
[WhiteElo "2257"]
[BlackElo "2046"]
[Result "1-0"]
[Round "10"]
[TimeControl "180+1"]
[Date "2022.11.09"]
[WhiteClock "0:00:30"]
[BlackClock "0:00:04"]

1. e4 c5 2. d4 cxd4 3. c3 Nf6 4. Bd3 Nc6 5. Nf3 d5 6. e5 Ne4 7. cxd4 Bf5 8. O-O e6 9. Nc3 Be7 10. Re1 Nxc3 11. bxc3 Bg6 12. Rb1 Rb8 13. Bxg6 fxg6 14. h4 Bxh4 15. Nxh4 Qxh4 16. Ba3 Kf7 17. Bd6 Rhc8 18. Qa4 Qd8 19. Rb3 Qd7 20. Reb1 b6 21. Bxb8 Rxb8 22. c4 Rc8 23. cxd5 Qxd5 24. Rc3 Ne7 25. Rxc8 Nxc8 26. Rc1 Ne7 27. Rc7 Kf8 28. Qb4 Qd8 29. Rxa7 g5 30. Rb7 Kf7 31. Qxb6 Qc8 32. Qc7 Qe8 33. a4 1-0


[Site "https://www.chess.com"]

[Event "Titled Tuesday Blitz November 08 Early 2022"]
[White "Gronnestad, Anita"]
[Black "Bongo Akanga Ndjila, Barthelemy"]
[WhiteFideId "1502972"]
[BlackFideId "10609431"]
[WhiteElo "1939"]
[BlackElo "1768"]
[Result "1-0"]
[Round "10"]
[TimeControl "180+1"]
[Date "2022.11.09"]
[WhiteClock "0:00:47"]
[BlackClock "0:00:44"]

1. d4 d5 2. c4 e6 3. Nf3 Nf6 4. Nc3 Be7 5. Bg5 O-O 6. e3 b6 7. Qc2 Bb7 8. Rd1 Nbd7 9. h4 h6 10. cxd5 Nxd5 11. Nxd5 Bxd5 12. Bxe7 Qxe7 13. Bd3 Nf6 14. Ne5 c5 15. O-O Rfc8 16. Qe2 cxd4 17. exd4 Bxa2 18. f4 Nd5 19. f5 exf5 20. Bxf5 Re8 21. Qh5 Nf6 22. Qf3 Bd5 23. Qg3 Be6 24. Bb1 Rad8 25. Qd3 g6 26. Nxg6 fxg6 27. Qxg6+ Qg7 28. Rxf6 Qxg6 29. Rxg6+ Kf8 30. Rf1+ Bf7 31. Rgf6 Re7 32. Ba2 Rdd7 33. d5 Kg7 34. d6 Bxa2 35. dxe7 Rxe7 36. Rd6 Bc4 37. Rff6 h5 38. Rg6+ Kf7 39. Rdf6+ Ke8 40. Rh6 Re5 41. Rc6 b5 42. Rc7 Kd8 43. Rxa7 Re1+ 44. Kh2 Re8 45. Ra8+ Ke7 46. Rh7+ Kf8 47. Rh8+ Bg8 48. Rxg8+ Kxg8 49. Rxe8+ Kf7 50. Re5 1-0


[Site "https://www.chess.com"]

[Event "Titled Tuesday Blitz November 08 Early 2022"]
[White "Gulevich, Artem"]
[Black "Ciuffoletti, Paolo"]
[WhiteFideId "24119580"]
[BlackFideId "807630"]
[WhiteElo "2218"]
[BlackElo "2143"]
[Result "1/2-1/2"]
[Round "10"]
[TimeControl "180+1"]
[Date "2022.11.09"]
[WhiteClock "0:00:23"]
[BlackClock "0:00:02"]

1. Nf3 d5 2. b3 Nf6 3. Bb2 e6 4. e3 c5 5. Be2 Nc6 6. O-O Be7 7. d4 Ne4 8. dxc5 Bf6 9. c3 Nxc5 10. Nbd2 O-O 11. Rc1 e5 12. Qc2 e4 13. Nd4 Ne5 14. Rcd1 Bg4 15. Bxg4 Nxg4 16. h3 Ne5 17. c4 Ncd3 18. cxd5 Qxd5 19. Ba1 Rac8 20. Qb1 Be7 21. Nf5 Ba3 22. Nxg7 Kxg7 23. Nxe4 Qxe4 24. Rxd3 Kg8 25. Rd5 Qxb1 26. Rxb1 Ng6 27. Rd7 b5 28. Rxa7 b4 29. g3 Rc2 30. h4 Rd8 31. h5 Nf8 32. h6 Rdd2 33. Bg7 Rxf2 34. Ra8 Rg2+ 35. Kf1 Rgf2+ 36. Ke1 Rfe2+ 37. Kf1 Rf2+ 38. Kg1 Rg2+ 39. Kf1 Rgf2+ 1/2-1/2


[Site "https://www.chess.com"]

[Event "Titled Tuesday Blitz November 08 Early 2022"]
[White "Gurevich, Dmitry"]
[Black "Jegorovas, Aleksandras"]
[WhiteFideId "2000407"]
[BlackFideId "12801950"]
[WhiteElo "2506"]
[BlackElo "2247"]
[Result "1/2-1/2"]
[Round "10"]
[TimeControl "180+1"]
[Date "2022.11.09"]
[WhiteClock "0:00:04"]
[BlackClock "0:00:16"]

1. d4 d5 2. c4 c6 3. cxd5 cxd5 4. Bg5 f6 5. Bf4 Nc6 6. e3 e5 7. Bg3 Bb4+ 8. Nc3 Nge7 9. Nf3 Nf5 10. Be2 O-O 11. O-O Nxg3 12. hxg3 exd4 13. Nxd4 Bxc3 14. Nxc6 bxc6 15. bxc3 Be6 16. Qd4 Qa5 17. Qb4 Qxb4 18. cxb4 a5 19. a3 axb4 20. axb4 Rxa1 21. Rxa1 Rb8 22. Ra4 Kf8 23. f4 g5 24. Kf2 Ke7 25. Ra7+ Kd6 26. Rxh7 gxf4 27. gxf4 Rxb4 28. Rh6 Ke7 29. Rh7+ Kd6 30. g4 d4 31. exd4 Rxd4 32. Ke3 Rb4 33. Ra7 Rb3+ 34. Kd2 Rb2+ 35. Kd3 Rb3+ 36. Kc2 Rb4 37. f5 Bd5 38. Rg7 Ke5 39. Kd2 Kd4 40. Bd1 Rb2+ 41. Kc1 Kc3 42. Re7 Rf2 43. Re3+ Kd4 44. Rg3 c5 45. g5 Rxf5 46. g6 Rg5 47. Rxg5 fxg5 48. Kd2 c4 49. Ke1 c3 50. Bc2 Ke3 51. g7 Bg8 52. Bf5 g4 53. Kf1 g3 54. Kg2 Kf4 55. Bc2 Bd5+ 56. Kg1 g2 57. Bb1 Ke3 58. Bg6 Kd2 59. Bf5 Ke3 60. Bg6 Kf4 61. Bh7 Kg5 62. Be4 Bc4 63. Kxg2 Kf6 64. Kf2 Kxg7 65. Ke3 Kf6 66. Kd4 c2 67. Bxc2 1/2-1/2


[Site "https://www.chess.com"]

[Event "Titled Tuesday Blitz November 08 Early 2022"]
[White "Hajiyev, Kanan"]
[Black "Sreyas Payyappat"]
[WhiteFideId "13404148"]
[BlackFideId "46674969"]
[WhiteElo "2118"]
[BlackElo "2083"]
[Result "1-0"]
[Round "10"]
[TimeControl "180+1"]
[Date "2022.11.09"]
[WhiteClock "0:00:17"]
[BlackClock "0:00:08"]

1. d4 Nf6 2. Nf3 e6 3. c4 c5 4. e3 d5 5. cxd5 exd5 6. Nc3 Nc6 7. Be2 Be6 8. O-O Be7 9. dxc5 Bxc5 10. b3 O-O 11. Bb2 Ne4 12. Rc1 Bd6 13. Nb5 a6 14. Nxd6 Qxd6 15. Nd2 Rfd8 16. Nf3 Rac8 17. Rc2 Nb4 18. Rxc8 Rxc8 19. Nd4 Nxa2 20. Qa1 Nac3 21. Bd3 Qb6 22. Bxe4 Nxe4 23. Nxe6 Qxe6 24. Bxg7 f6 25. Bh6 Nd2 26. Rd1 Nxb3 27. Qb2 Nc5 28. Qd4 Ne4 29. f3 Nc3 30. Re1 Rc4 31. Qa7 Qc6 32. Qb8+ Qc8 33. Qg3+ Kf7 34. Qg7+ Ke6 35. Qxh7 Rc7 36. Qd3 b5 37. Bf4 Rc4 38. e4 dxe4 39. Qd6+ Kf7 40. fxe4 Nxe4 41. Qd5+ Qe6 42. Qb7+ Kg6 43. h4 Kf5 44. Be3 Kg6 45. h5+ Kxh5 46. Qh7+ Kg4 47. Qh3# 1-0


[Site "https://www.chess.com"]

[Event "Titled Tuesday Blitz November 08 Early 2022"]
[White "Harsh Suresh"]
[Black "Ovchinnikov, Vsevolod"]
[WhiteFideId "45018464"]
[BlackFideId "24176842"]
[WhiteElo "2227"]
[BlackElo "2376"]
[Result "0-1"]
[Round "10"]
[TimeControl "180+1"]
[Date "2022.11.09"]
[WhiteClock "0:00:06"]
[BlackClock "0:00:11"]

1. d4 Nf6 2. Nf3 d5 3. c3 g6 4. Bf4 Bg7 5. h3 O-O 6. e3 b6 7. a4 Bb7 8. a5 c5 9. Nbd2 e6 10. Be2 Qe7 11. O-O Nbd7 12. Qa4 Rfc8 13. b4 cxb4 14. cxb4 bxa5 15. Qxa5 Bf8 16. Rfb1 Nb6 17. Ba6 Bxa6 18. Qxa6 Rc2 19. Bg5 h6 20. Bxf6 Qxf6 21. b5 Bd6 22. Rc1 Rxc1+ 23. Rxc1 Qe7 24. Rc6 Rb8 25. Nb3 Kg7 26. Nc5 Nc4 27. Nd3 Rb6 28. Qa4 Qb7 29. Rxb6 axb6 30. Qa6 Qc7 31. Nfe5 Nxe5 32. Nxe5 Qc1+ 33. Kh2 f6 34. Qxb6 Qc7 35. Qxc7+ Bxc7 36. b6 Bb8 37. f4 fxe5 38. fxe5 Kf7 39. Kg3 Ke7 40. Kf4 Kd7 41. e4 Kc6 42. exd5+ Kxd5 43. h4 Kxd4 44. Kf3 Kxe5 45. b7 Kd6 46. Ke4 Kc6 47. g4 Kxb7 48. Kd4 Kc6 49. Ke4 Kd6 50. g5 hxg5 51. hxg5 e5 0-1


[Site "https://www.chess.com"]

[Event "Titled Tuesday Blitz November 08 Early 2022"]
[White "Harshavardhan G B"]
[Black "Postny, Evgeny"]
[WhiteFideId "25059009"]
[BlackFideId "2804344"]
[WhiteElo "2333"]
[BlackElo "2476"]
[Result "1-0"]
[Round "10"]
[TimeControl "180+1"]
[Date "2022.11.08"]
[WhiteClock "0:00:04"]
[BlackClock "0:00:01"]

1. d4 c5 2. d5 g6 3. c4 Bg7 4. Nc3 d6 5. e4 Nf6 6. Bd3 O-O 7. Nge2 e5 8. h3 Na6 9. g4 Nc7 10. a4 Na6 11. Ng3 Nb4 12. g5 Nh5 13. Nxh5 Nxd3+ 14. Qxd3 gxh5 15. Be3 f5 16. gxf6 Qxf6 17. O-O-O Qf3 18. Rhg1 Kh8 19. Rg3 Qf6 20. Rdg1 Rf7 21. Kb1 Bd7 22. f3 Bh6 23. Bxh6 Qxh6 24. h4 Rf6 25. Rg7 Qxg7 26. Rxg7 Kxg7 27. Qe3 h6 28. Ne2 Raf8 29. Ng3 Rxf3 30. Qg1 Kh7 31. Qg2 Bg4 32. Nf5 Rf6 33. Ka2 Rf4 34. Ne3 a5 35. Qc2 Rf3 36. Qd2 R6f4 37. Nc2 Rxe4 38. Qxa5 Rf7 39. Qb5 Re2 40. Na3 e4 41. Qb6 e3 42. Qxd6 Ref2 43. Qxc5 e2 44. Qe3 Rf1 45. Nc2 Bf5 46. Qxe2 Bg6 47. Ne3 R1f2 48. Qe1 R7f6 49. Qc3 R6f3 50. Qe5 Re2 51. Qc7+ Rf7 52. Qg3 Re7 53. Nd1 Rd2 54. Nc3 Rd3 55. Qd6 Rf7 56. Qb4 Rd4 57. Qc5 Rg4 58. d6 Bd3 59. b3 Bc2 60. Ka3 Rg3 61. Qe5 1-0


[Site "https://www.chess.com"]

[Event "Titled Tuesday Blitz November 08 Early 2022"]
[White "Howell, David W L"]
[Black "Gokerkan, Cem Kaan"]
[WhiteFideId "410608"]
[BlackFideId "6336760"]
[WhiteElo "2567"]
[BlackElo "2365"]
[Result "1/2-1/2"]
[Round "10"]
[TimeControl "180+1"]
[Date "2022.11.08"]
[WhiteClock "0:00:05"]
[BlackClock "0:00:05"]

1. c4 e6 2. Nf3 d5 3. e3 Nf6 4. Nc3 Be7 5. b3 O-O 6. Bb2 b6 7. cxd5 Nxd5 8. Nxd5 Qxd5 9. Qc2 Ba6 10. Qxc7 Bxf1 11. Kxf1 Nc6 12. h4 Rac8 13. Qg3 f6 14. h5 Nb4 15. Bc3 Nxa2 16. Rxa2 Qd3+ 17. Kg1 Qb1+ 18. Kh2 Qxa2 19. Nd4 Qa6 20. Nxe6 Rf7 21. Qf3 b5 22. Nd4 b4 23. Bb2 Bd6+ 24. g3 Be5 25. Ra1 Qb7 26. Qxb7 Rxb7 27. Ra2 Ra8 28. Ra5 Rc8 29. Kg2 Bxd4 30. Bxd4 Rc2 31. Bxa7 Rxd2 32. Bd4 Rd3 33. h6 Rxb3 34. hxg7 Kxg7 35. Ra6 Rf7 36. Rb6 Rb1 37. g4 h6 38. Kf3 b3 39. Kf4 Kg6 40. f3 Rf8 41. Rb7 Rd8 42. Rb6 Rxd4+ 43. exd4 b2 44. d5 Rd1 45. Rxb2 Rd4+ 46. Kg3 Rxd5 47. Re2 h5 1/2-1/2


[Site "https://www.chess.com"]

[Event "Titled Tuesday Blitz November 08 Early 2022"]
[White "Ilkhomi, Jaloliddin"]
[Black "Kim, Sergey"]
[WhiteFideId "14700948"]
[BlackFideId "13700570"]
[WhiteElo "2045"]
[BlackElo "2592"]
[Result "1-0"]
[Round "10"]
[TimeControl "180+1"]
[Date "2022.11.09"]
[WhiteClock "0:00:19"]
[BlackClock "0:00:07"]

1. d4 Nf6 2. Bf4 g6 3. e3 d6 4. Nf3 Bg7 5. h3 O-O 6. Be2 Nbd7 7. O-O b6 8. Bh2 Bb7 9. c4 Ne4 10. Nc3 Nxc3 11. bxc3 e5 12. a4 a5 13. Rb1 Rb8 14. Nd2 Qe7 15. Bf3 e4 16. Be2 f5 17. Qb3 Kh8 18. Qc2 Bc6 19. c5 bxc5 20. Nc4 Ra8 21. Na3 Nb6 22. Bb5 Bxb5 23. Rxb5 cxd4 24. cxd4 Qf7 25. Bxd6 Rfc8 26. Bf4 Nd5 27. Qc5 c6 28. Rb2 Nb4 29. Qc4 Qf8 30. Nc2 Nd3 31. Rb7 Nxf4 32. exf4 Rab8 33. Rfb1 Rxb7 34. Rxb7 Qg8 35. Qc5 Qd5 36. Qe7 Rg8 37. Rd7 Qa2 38. Ne3 Qxa4 39. d5 cxd5 40. Nxd5 Qa1+ 41. Kh2 Qd4 42. Rd8 h6 43. Rxg8+ Kxg8 44. Qe6+ Kh7 45. Ne7 h5 46. Qxg6+ 1-0


[Site "https://www.chess.com"]

[Event "Titled Tuesday Blitz November 08 Early 2022"]
[White "Janaszak, Dawid"]
[Black "Berdychevskaya, Natasha"]
[WhiteFideId "1119206"]
[BlackFideId "4159322"]
[WhiteElo "2226"]
[BlackElo "2108"]
[Result "0-1"]
[Round "10"]
[TimeControl "180+1"]
[Date "2022.11.09"]
[WhiteClock "0:00:07"]
[BlackClock "0:00:05"]

1. d4 d5 2. Bf4 Nf6 3. Nf3 e6 4. e3 Bd6 5. Bg3 c5 6. c3 Nc6 7. Nbd2 O-O 8. Bd3 b6 9. Qe2 Bb7 10. e4 dxe4 11. Nxe4 Nxe4 12. Qxe4 g6 13. Bxd6 Qxd6 14. dxc5 Qxc5 15. O-O-O Rad8 16. Qh4 Ne5 17. Ng5 h5 18. Ne4 Bxe4 19. Bxe4 Rxd1+ 20. Rxd1 Ng4 21. Rd2 Qe5 22. f3 Qf6 23. Qxf6 Nxf6 24. Bc6 Rc8 25. Bb5 Kg7 26. Kc2 g5 27. a4 Nd5 28. Kd3 Rc7 29. g3 Kf6 30. c4 Ne7 31. b4 Nf5 32. Kc3 h4 33. g4 Ne7 34. Rd8 Ng6 35. Kd2 Ne5 36. Ke2 Nxc4 37. Ra8 Nd6 38. Bd3 Ke5 39. Rg8 Kf6 40. Rd8 Ke7 41. Rg8 f6 42. Rg7+ Kd8 43. Rg8+ Ke7 44. Rg7+ Kd8 45. Rg8+ Kd7 46. Rg7+ Kc6 47. b5+ Kb7 48. Rg8 Re7 49. Rf8 f5 50. Kd2 fxg4 51. fxg4 e5 52. Rg8 e4 53. Be2 e3+ 54. Ke1 Ne4 55. Bf3 Kc7 56. Bxe4 Rxe4 57. Rxg5 Rxa4 58. Rg7+ Kd6 59. Ke2 Ra3 60. h3 Ke5 61. Rh7 Kf4 62. Rxh4 Ra2+ 63. Kd3 e2 64. g5+ Kf3 65. Re4 Ra3+ 66. Kd2 Kxe4 0-1


[Site "https://www.chess.com"]

[Event "Titled Tuesday Blitz November 08 Early 2022"]
[White "Jiang, Andrew"]
[Black "Pinheiro, Iung Alicio de O."]
[WhiteFideId "30953510"]
[BlackFideId "2104350"]
[WhiteElo "1868"]
[BlackElo "2283"]
[Result "0-1"]
[Round "10"]
[TimeControl "180+1"]
[Date "2022.11.09"]
[WhiteClock "0:00:09"]
[BlackClock "0:00:17"]

1. e4 c5 2. Nf3 Nc6 3. d4 cxd4 4. Nxd4 e5 5. Nb5 d6 6. c4 f5 7. exf5 Bxf5 8. N1c3 a6 9. Na3 Nf6 10. Bd3 Be6 11. O-O Be7 12. h3 O-O 13. Be3 Rc8 14. Nc2 Qe8 15. Qe2 Nh5 16. Rad1 Qf7 17. b3 Rce8 18. Nd5 Bd8 19. Be4 Nf4 20. Bxf4 exf4 21. f3 Kh8 22. Qf2 Qh5 23. Qd2 Qh6 24. Nd4 Bd7 25. Nxc6 bxc6 26. Nc3 Bb6+ 27. Kh2 Qh4 28. Qe1 Qf6 29. Na4 Bc7 30. Qf2 Re5 31. g3 fxg3+ 32. Qxg3 d5 33. cxd5 cxd5 34. Bc2 Bxa4 35. bxa4 Re2+ 36. Rf2 Bxg3+ 37. Kxg3 Qg5+ 0-1


[Site "https://www.chess.com"]

[Event "Titled Tuesday Blitz November 08 Early 2022"]
[White "Jones, Gawain C B"]
[Black "Shipov, Sergei"]
[WhiteFideId "409561"]
[BlackFideId "4113624"]
[WhiteElo "2657"]
[BlackElo "2805"]
[Result "1-0"]
[Round "10"]
[TimeControl "180+1"]
[Date "2022.11.08"]
[WhiteClock "0:00:17"]
[BlackClock "0:00:11"]

1. d4 d5 2. Bg5 h6 3. Bh4 c5 4. Nc3 Nc6 5. Nf3 g5 6. Bg3 Bg7 7. e3 cxd4 8. Nxd4 Nf6 9. Ndb5 O-O 10. Nc7 Rb8 11. N7xd5 Nxd5 12. Nxd5 Bxb2 13. Bc7 Qd7 14. Rb1 Bc3+ 15. Nxc3 Qxc7 16. Bd3 Qa5 17. Qd2 Rd8 18. h4 g4 19. Rb5 Qa3 20. e4 Kg7 21. O-O Be6 22. Rh5 Rh8 23. Nb5 Qb2 24. Nc7 Bxa2 25. Qf4 Rbg8 26. Qxg4+ Kf8 27. Qc8+ Kg7 28. Qd7 Qd4 29. Rd5 Bxd5 30. exd5 Ne5 31. Qxe7 Qc3 32. Ne6# 1-0


[Site "https://www.chess.com"]

[Event "Titled Tuesday Blitz November 08 Early 2022"]
[White "Joubert, Dantelle"]
[Black "Vargas, Mauricio"]
[WhiteFideId "14310813"]
[BlackFideId "4404572"]
[WhiteElo "1507"]
[BlackElo "2025"]
[Result "1-0"]
[Round "10"]
[TimeControl "180+1"]
[Date "2022.11.09"]
[WhiteClock "0:01:07"]
[BlackClock "0:00:03"]

1. d4 d5 2. c4 c6 3. Nc3 e6 4. e3 Nf6 5. Nf3 Nbd7 6. Be2 dxc4 7. a4 b5 8. axb5 cxb5 9. Nxb5 Nb6 10. Ne5 Bd6 11. f4 O-O 12. Bf3 Nbd5 13. O-O Bb8 14. Nxc4 a6 15. Nc3 Bb7 16. Na5 Qb6 17. Nxb7 Qxb7 18. Qe2 Ba7 19. Kh1 Rac8 20. e4 Nxc3 21. bxc3 Rxc3 22. Bb2 Rcc8 23. Ba3 Qd7 24. Bxf8 Rxf8 25. d5 exd5 26. exd5 Nxd5 27. Qd2 Rd8 28. Rfd1 Bb6 29. Bxd5 1-0


[Site "https://www.chess.com"]

[Event "Titled Tuesday Blitz November 08 Early 2022"]
[White "Jumabayev, Rinat"]
[Black "Shuvalov, Evgenij"]
[WhiteFideId "13702661"]
[BlackFideId "4187237"]
[WhiteElo "2561"]
[BlackElo "2049"]
[Result "1-0"]
[Round "10"]
[TimeControl "180+1"]
[Date "2022.11.09"]
[WhiteClock "0:00:47"]
[BlackClock "0:00:12"]

1. Nf3 Nf6 2. c4 g6 3. g3 Bg7 4. Bg2 c6 5. O-O d5 6. d4 O-O 7. Qb3 a5 8. Nbd2 a4 9. Qa3 Bf5 10. b4 Nbd7 11. Bb2 Ne4 12. Rfd1 b5 13. cxd5 cxd5 14. Nh4 Nxd2 15. Rxd2 Be6 16. Rc2 Nb6 17. Rc5 Qd7 18. Qd3 Nc4 19. Bc1 a3 20. Bf4 f6 21. Nf3 Bf5 22. Qc3 Be4 23. h4 h6 24. Nd2 Bxg2 25. Kxg2 g5 26. hxg5 fxg5 27. Be3 Rad8 28. Nxc4 dxc4 29. Rd1 Ra8 30. Qc2 Ra4 31. Qc3 e6 32. g4 e5 33. f3 exd4 34. Bxd4 Rd8 35. e3 Qe8 36. Rc7 Bxd4 37. Rxd4 Rxd4 38. Qxd4 Qg6 39. Rc8+ Kf7 40. Qd7+ Kf6 41. Rc6+ Ke5 42. Qd4# 1-0


[Site "https://www.chess.com"]

[Event "Titled Tuesday Blitz November 08 Early 2022"]
[White "Khamdamova, Afruza"]
[Black "Bon, Michael"]
[WhiteFideId "14210444"]
[BlackFideId "620696"]
[WhiteElo "2018"]
[BlackElo "2330"]
[Result "1-0"]
[Round "10"]
[TimeControl "180+1"]
[Date "2022.11.09"]
[WhiteClock "0:00:24"]
[BlackClock "0:00:11"]

1. e4 e6 2. d4 d5 3. Nd2 Nf6 4. e5 Nfd7 5. f4 c5 6. c3 Nc6 7. Ndf3 Qb6 8. Ne2 cxd4 9. cxd4 Bb4+ 10. Bd2 Be7 11. Bc3 h6 12. Ng3 g5 13. f5 Bb4 14. fxe6 fxe6 15. Qd3 Nf8 16. Be2 Bd7 17. O-O O-O-O 18. Bxb4 Qxb4 19. a3 Qe7 20. b4 Kb8 21. b5 Na5 22. Nd2 Be8 23. Nb3 Bg6 24. Qe3 Nxb3 25. Qxb3 h5 26. Rfc1 h4 27. Nf1 Be4 28. b6 a6 29. Rc7 Nd7 30. Rac1 Rhf8 31. Qc3 Qe8 32. Rxb7+ 1-0


[Site "https://www.chess.com"]

[Event "Titled Tuesday Blitz November 08 Early 2022"]
[White "Kodinets, Konstantin L."]
[Black "Guimaraes, Wagner Peixoto"]
[WhiteFideId "4122011"]
[BlackFideId "2100940"]
[WhiteElo "2447"]
[BlackElo "2231"]
[Result "1-0"]
[Round "10"]
[TimeControl "180+1"]
[Date "2022.11.09"]
[WhiteClock "0:00:53"]
[BlackClock "0:00:48"]

1. d4 Nf6 2. Nf3 g6 3. Bg5 Bg7 4. Nbd2 h6 5. Bh4 O-O 6. e4 d5 7. exd5 Nxd5 8. c3 c5 9. dxc5 Nd7 10. Nb3 Nf4 11. Bg3 Ne6 12. Bc4 Nexc5 13. O-O Ne4 14. Re1 Nxg3 15. hxg3 Nb6 16. Bb5 Qxd1 17. Raxd1 a6 18. Bf1 e6 19. Na5 Rb8 20. Ne5 Nd5 21. c4 Nb4 22. a3 Bxe5 23. Rxe5 Nc6 24. Nxc6 bxc6 25. b4 Kg7 26. Rd6 Kf6 27. f4 Bb7 28. Re3 Rfd8 29. Red3 Rxd6 30. Rxd6 Ke7 31. c5 Rd8 32. Rxd8 Kxd8 33. Kf2 Ke7 34. Ke3 f6 35. Kd4 g5 36. Bd3 h5 37. fxg5 fxg5 38. Ke5 h4 39. gxh4 gxh4 40. Be4 1-0


[Site "https://www.chess.com"]

[Event "Titled Tuesday Blitz November 08 Early 2022"]
[White "Kohler, Aran"]
[Black "Lehtosaari, Mauri"]
[WhiteFideId "1002856"]
[BlackFideId "501999"]
[WhiteElo "2361"]
[BlackElo "2503"]
[Result "0-1"]
[Round "10"]
[TimeControl "180+1"]
[Date "2022.11.09"]
[WhiteClock "0:00:02"]
[BlackClock "0:00:18"]

1. d4 d5 2. Bf4 c5 3. Bxb8 Rxb8 4. e3 Nf6 5. dxc5 Qa5+ 6. c3 Qxc5 7. Nd2 a6 8. Ngf3 Bg4 9. h3 Bxf3 10. Nxf3 e6 11. Qa4+ Qc6 12. Qxc6+ bxc6 13. O-O-O a5 14. Ne5 Rb6 15. Rd4 Bd6 16. Nxc6 Rxc6 17. Bb5 Kd7 18. Ra4 Bc7 19. Rd1 Rb8 20. Bxc6+ Kxc6 21. c4 Ne4 22. cxd5+ exd5 23. f3 Nf6 24. Kb1 Bb6 25. e4 dxe4 26. fxe4 Re8 27. Rc4+ Kb5 28. b3 Nxe4 29. a4+ Ka6 30. Rd7 f5 31. Rxg7 Nd2+ 32. Kc2 Nxc4 33. bxc4 Re4 34. Kd3 Rd4+ 35. Kc3 Rf4 36. Rxh7 Rf2 37. Rh6 Kb7 38. g4 Rf3+ 39. Kc2 fxg4 40. hxg4 Rg3 41. Rg6 Bd4 42. g5 Rc3+ 43. Kd2 Rxc4 44. Kd3 Rxa4 45. Rg8 Ba1 46. g6 Rg4 47. Kc2 a4 48. Kb1 Bd4 49. Ka2 Rg3 50. Rd8 Bc5 51. Rd7+ Kc6 52. Rg7 Kb5 53. Rg8 Rg2+ 54. Kb1 Bd4 55. Rb8+ Kc4 56. Rc8+ Kb3 57. Rb8+ Kc3 58. Rc8+ Kb4 59. Rb8+ Kc4 60. Rc8+ Bc5 61. Ra8 a3 62. Ra6 Kb3 63. Kc1 a2 64. Kd1 Ba3 65. g7 a1=Q# 0-1


[Site "https://www.chess.com"]

[Event "Titled Tuesday Blitz November 08 Early 2022"]
[White "Kopylov, Alexander A."]
[Black "Concio, Michael Jr."]
[WhiteFideId "4164857"]
[BlackFideId "5217873"]
[WhiteElo "2436"]
[BlackElo "2236"]
[Result "0-1"]
[Round "10"]
[TimeControl "180+1"]
[Date "2022.11.08"]
[WhiteClock "0:00:20"]
[BlackClock "0:00:05"]

1. d4 Nf6 2. Nf3 e6 3. g3 b6 4. Bg2 Bb7 5. O-O Be7 6. a4 a5 7. b3 O-O 8. Bb2 d6 9. c4 Nbd7 10. d5 e5 11. Nc3 Kh8 12. e4 Nc5 13. Ne1 Nfd7 14. Ba3 f5 15. exf5 Rxf5 16. Nd3 Rf7 17. Bh3 Bc8 18. Nxc5 Nxc5 19. Bxc8 Qxc8 20. Bxc5 bxc5 21. Ne4 Qh3 22. f3 Raf8 23. Qe2 Qh5 24. Kg2 Bg5 25. Rad1 Bh6 26. Rd3 Qf5 27. Qe1 Ra8 28. Nf2 g6 29. Qe4 Bg7 30. Ng4 Raf8 31. Nf2 Bh6 32. h3 Rb8 33. Qg4 Bg7 34. Ne4 h5 35. Qxf5 gxf5 36. Ng5 Re7 37. Ne6 Bf6 38. g4 f4 39. g5 Rxe6 40. dxe6 Bxg5 41. Kf2 Kg7 42. Ke2 Kf6 43. Rc3 Bh4 44. Kd3 Kxe6 45. Rg1 Bg3 46. Kc2 c6 47. Rd3 Rd8 48. Rgd1 Bh4 49. Kc3 d5 50. cxd5+ cxd5 51. Kb2 d4 52. R3d2 Rg8 53. Rc2 Be7 54. b4 axb4 55. a5 Kd5 56. a6 c4 57. Ra1 Ra8 58. Ra5+ Bc5 59. Rg2 d3 60. Rg7 c3+ 61. Kb3 c2 62. Kb2 Kc6 63. Rg6+ Kd5 64. Rg7 b3 65. Rd7+ Kc6 66. Rxd3 Be3 67. Rc3+ Kb6 68. Rxe5 Bd4 69. Re6+ Kb5 70. Kxb3 Bxc3 71. Kxc2 Bd4 72. Kd3 Be3 73. Re5+ Kxa6 74. Rxh5 Rg8 75. Ke4 Kb6 76. Rd5 Rh8 77. Rd6+ Kc5 78. Rd5+ Kc4 79. Rd7 Rxh3 80. Rc7+ Kb3 81. Kd3 Rxf3 82. Rb7+ Ka4 83. Kc4 Rf1 84. Rb8 Rc1+ 85. Kd3 Ka5 86. Ke4 Rc4+ 87. Kd3 Rd4+ 88. Ke2 Rd7 89. Kf3 Ka6 90. Ke4 Rb7 91. Rc8 Kb6 92. Rc2 Re7+ 93. Kf3 Re5 94. Kg4 Rc5 95. Rb2+ Kc6 96. Kf3 Kd6 97. Ke4 Re5+ 98. Kf3 Rg5 99. Ra2 Ke6 100. Ra6+ Kf5 101. Ra5+ Kg6 102. Ra8 Re5 103. Rg8+ Kf7 104. Ra8 Re7 105. Ra6 Re6 106. Ra8 Rf6 107. Rb8 Bc5 108. Rc8 Bd6 109. Ra8 Ke6 110. Ra5 Rg6 111. Ra8 Rg3+ 112. Kf2 Be5 113. Re8+ Kf5 114. Rf8+ Ke4 115. Re8 Rc3 116. Re7 Rc2+ 117. Ke1 f3 118. Kd1 Rh2 119. Ke1 Kd4 120. Kf1 Bg3 121. Rd7+ Kc5 0-1


[Site "https://www.chess.com"]